 Dungeon Crawl Stone Soup version 0.28-a0-1638-g9123634e07 (webtiles) character file.

Game seed: 13458264731178438717

469 YayAnonymity the Grave Robber (level 6, -19/41 HPs)
             Began as a Demonspawn Necromancer on Jan 25, 2022.
             Demolished by a two-headed ogre (22 damage)
             ... on level 4 of the Dungeon.
             The game lasted 00:16:25 (5907 turns).

YayAnonymity the Grave Robber (DsNe)                Turns: 5907, Time: 00:16:27

Health: -19/41     AC:  3    Str:  8    XL:     6   Next: 82%
Magic:  3/12       EV: 13    Int: 19    God:
Gold:   99         SH:  4    Dex: 13    Spells: 8/13 levels left

rFire   . . .      SeeInvis .   b - +1 long sword (elec)
rCold   . . .      Faith    .   (no shield)
rNeg    . . .      Spirit   .   e - +0 robe
rPois   .          Reflect  .   (no helmet)
rElec   .          Harm     .   (no cloak)
rCorr   .          Rampage  .   q - +0 pair of gloves
Will    .....                   (no boots)
Stlth   ++........              (no amulet)
HPRegen 0.13/turn               (no ring)
MPRegen 0.13/turn               (no ring)

@: no status effects
A: large bone plates 1, foul stench 1, demonic touch 1
a: no special abilities


You were on level 4 of the Dungeon.
You visited 1 branch of the dungeon, and saw 4 of its levels.

You collected 99 gold pieces.

Inventory:

Hand Weapons
 a - a +0 hunting sling
 b - a +1 long sword of electrocution (weapon)
Missiles
 c - 71 stones (quivered)
 h - 6 javelins
 l - 3 poisoned darts
Armour
 e - a +0 robe (worn)
 q - a +0 pair of gloves (worn)
Wands
 s - a wand of flame (29)
Scrolls
 d - a scroll of enchant weapon {unknown}
 f - a scroll of torment {unknown}
 k - a scroll of teleportation {unknown}
 n - a scroll of identify {unknown}
 o - a scroll of holy word {unknown}
 p - a scroll of magic mapping {unknown}
 t - a scroll of enchant armour {unknown}
Potions
 g - a potion of might {unknown}
 i - 5 potions of curing {unknown}
 j - 3 potions of lignification {unknown}
 r - a potion of degeneration {unknown}


   Skills:
 + Level 4.3 Dodging
 - Level 1.7 Stealth
 + Level 4.3 Spellcasting
 - Level 6.0 Necromancy


You had 8 spell levels left.
You knew the following spells:

 Your Spells              Type           Power      Damage    Failure   Level
a - Pain                  Necr           100%       1d9       1%          1
b - Animate Skeleton      Necr           52%        N/A       1%          1
c - Vampiric Draining     Necr           26%        2d7       3%          3

Your spell library contained the following spells:

 Spells                   Type           Power      Damage    Failure   Level
 Animate Dead             Necr           13%        N/A       11%         4
 Agony                    Necr           26%        N/A       30%         5
 Conjure Flame            Conj/Fire      4%         6-21      36%         3
 Ignite Poison            Fire/Tmut/Pois 4%         N/A       36%         3
 Sticky Flame             Conj/Fire      4%         2d3       78%         4


Dungeon Overview and Level Annotations

Branches:
Dungeon (4/15)
 Temple: D:4-7

Altars:
Dithmenos
Hepliaklqana
Qazlal

Annotations:
D:3 exclusion: ogre


Innate Abilities, Weirdness & Mutations

You are partially covered in large bone plates. (SH +4)
You may rarely emit foul miasma when damaged in melee.
Your touch may inflict minor irresistible damage on your foes.


Message History

The two-headed ogre struggles to resist.
Casting: Pain (safe; 1% risk of failure)
Confirm with . or Enter, or press ? or * to list all spells.
Aiming: Pain (safe; 1% risk of failure)
Press: ? - help, Shift-Dir - straight line, f/p - two-headed ogre
Aim: a two-headed ogre, wielding a +0 dire flail and a +0 giant spiked club (moderately wounded, chance to affect: 70%)
The two-headed ogre writhes in agony!
Casting: Pain (safe; 1% risk of failure)
Confirm with . or Enter, or press ? or * to list all spells.
Aiming: Pain (safe; 1% risk of failure)
Press: ? - help, Shift-Dir - straight line, f/p - two-headed ogre
Aim: a two-headed ogre, wielding a +0 dire flail and a +0 giant spiked club (heavily wounded, chance to affect: 70%)
The two-headed ogre struggles to resist.
Casting: Pain (safe; 1% risk of failure)
Confirm with . or Enter, or press ? or * to list all spells.
Aiming: Pain (safe; 1% risk of failure)
Press: ? - help, Shift-Dir - straight line, f/p - two-headed ogre
Aim: a two-headed ogre, wielding a +0 dire flail and a +0 giant spiked club (heavily wounded, chance to affect: 70%)
The two-headed ogre writhes in agony.
Casting: Pain (safe; 1% risk of failure)
Confirm with . or Enter, or press ? or * to list all spells.
Aiming: Pain (safe; 1% risk of failure)
Press: ? - help, Shift-Dir - straight line, f/p - two-headed ogre
Aim: a two-headed ogre, wielding a +0 dire flail and a +0 giant spiked club (heavily wounded, chance to affect: 70%)
The two-headed ogre struggles to resist.
The two-headed ogre hits you with a +0 dire flail!!
You block the two-headed ogre's attack.
Casting: Pain (safe; 1% risk of failure)
Confirm with . or Enter, or press ? or * to list all spells.
Aiming: Pain (safe; 1% risk of failure)
Press: ? - help, Shift-Dir - straight line, f/p - two-headed ogre
Aim: a two-headed ogre, wielding a +0 dire flail and a +0 giant spiked club (heavily wounded, chance to affect: 70%)
The two-headed ogre struggles to resist.
The two-headed ogre hits you with a +0 dire flail!
* * * LOW HITPOINT WARNING * * *
The two-headed ogre barely misses you.
There is a stone staircase leading up, spattered with blood here.
The two-headed ogre hits you with a +0 dire flail!!
Ouch! That really hurt!
You die...

##'#...#'## ###### ###..#####..#
# +....h..#.### # #####...#.# #
#.....# # ###.#.### # #).###.## #
#[## ##.###### # #[@###.###...# #
#O#.#.## #...# # #
#.#..#####.[.###### #.
########.#.###............
.#.#####...........)..........###
..O.O....####......##.........# #
.#........###.#.#..#####...#### #
.....###...........# #...######
.........####.#.#.## #.........


You could see a two-headed ogre.

Vanquished Creatures
  2 black bears (D:4)
  A scorpion (D:4)
  A hound (D:3)
  An orc priest (D:4)
  An iguana (D:4)
  2 orc wizards
  3 adders
  An adder skeleton (D:4)
  2 dart slugs
  15 orcs
  2 ball pythons
  5 endoplasms
  2 giant cockroaches (D:3)
  6 goblins
  9 hobgoblins
  2 bats
  4 kobolds
  2 rats (D:2)
61 creatures vanquished.

Vanquished Creatures (collateral kills)
  A ball python (D:3)
1 creature vanquished.

Vanquished Creatures (others)
  5 plants (D:3)
5 creatures vanquished.

Grand Total: 67 creatures vanquished

Notes
Turn   | Place    | Note
-------+----------+-------------------------------------------
     0 | D:1      | YayAnonymity the Demonspawn Necromancer began the quest for
                  | the Orb.
     0 | D:1      | Reached XP level 1. HP: 13/13 MP: 3/3
   396 | D:1      | Gained mutation: You may rarely emit foul miasma when
                  | damaged in melee. [demonic ancestry]
   396 | D:1      | Reached XP level 2. HP: 14/19 MP: 0/5
   457 | D:1      | Learned a level 1 spell: Animate Skeleton
   773 | D:1      | Reached skill level 5 in Necromancy
  1594 | D:2      | Found a faded altar of an unknown god.
  1892 | D:2      | Found a shadowy altar of Dithmenos.
  2295 | D:2      | Gained mutation: You are partially covered in large bone
                  | plates. (SH +4) [demonic ancestry]
  2295 | D:2      | Reached XP level 3. HP: 3/24 MP: 1/6
  2296 | D:2      | HP: 1/24 [poisoned by an adder]
  2793 | D:3      | Learned a level 3 spell: Vampiric Draining
  2850 | D:3      | Noticed an ogre
  2923 | D:3      | Reached XP level 4. HP: 26/30 MP: 5/7
  3204 | D:3      | Found a stormy altar of Qazlal.
  3328 | D:3      | Reached skill level 6 in Necromancy
  3692 | D:4      | Found a hazy altar of Hepliaklqana.
  4320 | D:4      | Noticed a black bear
  4390 | D:4      | Noticed a two-headed ogre
  4408 | D:3      | Reached XP level 5. HP: 13/35 MP: 5/9
  4957 | D:4      | Noticed a black bear
  4965 | D:4      | Killed a black bear
  5037 | D:4      | Gained mutation: Your touch may inflict minor irresistible
                  | damage on your foes. [demonic ancestry]
  5037 | D:4      | Reached XP level 6. HP: 8/41 MP: 7/11
  5907 | D:4      | Demolished by a two-headed ogre

Illustrated notes

Levels and vault maps discovered:
D:1:      nagdon_arrival_zigzag_paths, layout_loops_ring, serial_aquarium,
          aquarium_bridge_long_separate [aquarium_subvault_bridge,
          aquarium_subvault_window, aquarium_subvault_window,
          aquarium_subvault_bridge, aquarium_subvault_window,
          aquarium_subvault_wall], aquarium_bridge_square
          [aquarium_subvault_wall, aquarium_subvault_wall,
          aquarium_subvault_window, aquarium_subvault_bridge],
          aquarium_window_2, aquarium_window_corridor_1, aquarium_window_fake,
          aquarium_view_2f, aquarium_view_2d, aquarium_pool_side,
          grunt_decor_arrowhead, chequers_serial_rivers_marsh
D:2:      layout_basic, basic_altar, hellmonk_ecumenical_altar_blasted
D:3:      cheibrodos_old_hovel, layout_basic, mainiacjoe_overflow_catwalk,
          minmay_misc_feat_columns, kennysheep_generic_room_14
D:4:      nicolae_cairo_tiling_very_big, layout_loops_ring,
          mainiacjoe_overflow_paths, kennysheep_generic_room_7

Skill      XL: |  1  2  3  4  5  6 |
---------------+-------------------+-----
Necromancy     | 5 6 |  6.0
Dodging        | 2 3 4 |  4.3
Spellcasting   | 3 4 |  4.3
Stealth        | |  1.7

Action                   |  1- 3 |  4- 6 || total
-------------------------+-------+-------++-------
Melee: Short sword       |     3 |       ||     3
       Long sword        |     7 |    28 ||    35
       Touch             |       |     1 ||     1
 Fire: Hunting sling     |     3 |       ||     3
Throw: Stone             |     1 |     3 ||     4
       Dart              |       |     3 ||     3
       Throwing net      |       |     1 ||     1
 Cast: Pain              |    39 |    84 ||   123
       Animate Skeleton  |     3 |     5 ||     8
       Vampiric Draining |       |     1 ||     1
Armor: Robe              |     6 |     9 ||    15
Dodge: Dodged            |    16 |    35 ||    51
Block: Other             |     1 |    18 ||    19

Table legend: (Time is in decaauts)
 A = Elapsed time spent in this place.
 B = Non-inter-level travel time spent in this place.
 C = Inter-level travel time spent in this place.
 D = Time resting spent in this place.
 E = Time spent auto-exploring this place.
 F = Levels seen in this place.
 G = Mean time per level.
                   A        B        C        D        E       F      G
               +--------+--------+--------+--------+--------+-----+--------+
         Total |   5941 |   5422 |    519 |   2195 |   1903 |   4 | 1485.2 |
       Dungeon |   5941 |   5422 |    519 |   2195 |   1903 |   4 | 1485.2 |
               +--------+--------+--------+--------+--------+-----+--------+

Top non-repeatable levels by time:
     D:3: 1951 daAuts
     D:1: 1547 daAuts
     D:4: 1221 daAuts
     D:2: 1221 daAuts
